 Dungeon Crawl Stone Soup version 0.27-a0-836-gfc908b8576 (webtiles) character file.

Game seed: 1714445080630448098

860 polve the Ruffian (level 7, -3/59 HPs)
             Began as a White Draconian Transmuter on Apr 1, 2021.
             Slain by Grinder (11 damage)
             ... while paralysed by Grinder
             ... on level 5 of the Dungeon.
             The game lasted 00:10:33 (7177 turns).

polve the Ruffian (White Draconian Transmuter)      Turns: 7177, Time: 00:10:33

Health: -3/59      AC: 10    Str: 12    XL:     7   Next: 71%
Magic:  10/10      EV:  2    Int: 16    God:
Gold:   291        SH:  0    Dex: 11    Spells: 7/10 levels left

rFire    . . .     SeeInvis .     - Unarmed
rCold    + . .     Faith    .   (no shield)
rNeg     . . .     Spirit   .   (armour unavailable)
rPois    .         Reflect  .   (helmet currently unavailable)
rElec    .         Harm     .   (no cloak)
rCorr    .         Rampage  .   (no gloves)
Will     .....                  (boots currently unavailable)
Stlth    ++........             (no amulet)
HPRegen  0.19/turn              b - +4 ring of evasion
MPRegen  0.12/turn              g - +4 ring of protection

@: paralysed, short of breath, appendages
A: horns 2, talons 2, breathe frost, AC +6, unfitting armour, cold resistance 1,
cold-blooded
a: Breathe Frost, End Transformation


You were on level 5 of the Dungeon.
You had temporarily grown beastly horns and talons.
You visited 1 branch of the dungeon, and saw 5 of its levels.

You collected 291 gold pieces.

Inventory:

Jewellery
 b - a +4 ring of evasion (left hand)
 g - a +4 ring of protection (right hand)
 i - a ring of poison resistance
 o - a ring of see invisible
Wands
 n - a wand of iceblast (4)
Scrolls
 c - a scroll of vulnerability {unknown}
 d - a scroll of identify {unknown}
 e - a scroll of noise {unknown}
 h - 2 scrolls of teleportation {unknown}
 k - a scroll of magic mapping {unknown}
Potions
 a - a potion of ambrosia
 f - a potion of might {unknown}
 j - a potion of cancellation {unknown}
 l - a potion of attraction {unknown}
 m - a potion of flight {unknown}


   Skills:
 + Level 4.1 Fighting
 - Level 1.7 Dodging
 - Level 3.0 Stealth
 * Level 6.1 Unarmed Combat
 - Level 2.0 Spellcasting
 - Level 3.0 Translocations
 - Level 4.0 Transmutations


You had 7 spell levels left.
You knew the following spells:

 Your Spells              Type           Power      Damage    Failure   Level
a - Beastly Appendage     Tmut           28%        N/A       4%          1
b - Blink                 Tloc           N/A        N/A       9%          2

Your spell library contained the following spells:

 Spells                   Type           Power      Damage    Failure   Level
 Apportation              Tloc           22%        N/A       6%          1
 Wereblood                Tmut           14%        N/A       6%          2
 Animate Skeleton         Necr           2%         N/A       21%         1
 Corona                   Hex            1%         N/A       21%         1
 Magic Dart               Conj           4%         1d3       21%         1
 Summon Small Mammal      Summ           4%         N/A       21%         1
 Spider Form              Tmut/Pois      4%         N/A       26%         3
 Call Imp                 Summ           1%         N/A       30%         2
 Slow                     Hex            1%         N/A       30%         2
 Conjure Flame            Conj/Fire      1%         6-21      52%         3
 Mephitic Cloud           Conj/Pois/Air  1%         N/A       52%         3
 Ice Form                 Ice/Tmut       8%         N/A       65%         4
 Hydra Form               Tmut           7%         N/A       73%         5


Dungeon Overview and Level Annotations

Branches:
Dungeon (5/15)
 Temple: D:4-7

Altars:
Gozag
Makhleb
Okawaru
Qazlal
Sif Muna

Shops:
D:3 [(   D:4 (

Annotations:
D:5 Grinder


Innate Abilities, Weirdness & Mutations

You have temporarily grown beastly horns and talons.
You can breathe waves of freezing cold which knock back foes.
Your icy white scales are hard. (AC +6)
You cannot fit into any form of body armour.
Your flesh is cold resistant. (rC+)
You are cold-blooded and may be slowed by cold attacks.


Message History

Grinder is moderately wounded.
Grinder gestures at you.
You suddenly lose the ability to move!
Grinder hits you.
You writhe in agony.
Your horns disappear.
Your talons disappear.
Grinder blinks!
You can move again.
You can't do that yet.
Casting: Beastly Appendage (safe; 4% risk of failure)
Confirm with . or Enter, or press ? or * to list all spells.
You grow a pair of large bovine horns.
Your feet morph into talons.
You hit Grinder. You tail-slap Grinder.
Grinder is heavily wounded.
Grinder hits you.
You writhe in agony.
You punch Grinder! Your kick misses Grinder.
Grinder is severely wounded.
Grinder says, "My boss said I was rubbish.
His entrails said otherwise."
Grinder gestures at you.
You struggle to resist.
You barely miss Grinder. You claw Grinder, but do no damage.
Grinder is severely wounded.
You closely miss Grinder.
Grinder is severely wounded.
Grinder hits you.
You writhe in agony.
You hit Grinder.
Your tail-slap misses Grinder.
Grinder is severely wounded.
Grinder misses you.
You closely miss Grinder.
Grinder is severely wounded.
Grinder gestures at you.
You suddenly lose the ability to move!
Grinder says, "Mostly I couldn't keep them alive."
Grinder hits you but does no damage. Grinder hits you but does no damage.
Grinder hits you!
* * * LOW HITPOINT WARNING * * *
You writhe in agony.
* * * LOW HITPOINT WARNING * * *
Grinder hits you!
You die...

...# ##...## .### ##'##
.# #.# .# #.###### .#
##.##... .# ##...#.#
.##########......#####.#
.................5......
#############.##@#####.
####.# #.......#
#########


You could see Grinder.

Vanquished Creatures
  Edmund (D:4)
  2 ogres (D:5)
  A phantom (D:3)
  Blork the orc (D:4)
  A wyvern zombie (D:5)
  2 scorpions (D:5)
  A gnoll shaman (D:4)
  A hound (D:4)
  Ijyb (D:5)
  3 gnolls
  3 adders
  A white imp (D:5)
  2 worms
  6 dart slugs
  4 orcs
  4 ball pythons
  9 bats
  4 endoplasms
  3 giant cockroaches
  8 hobgoblins
  9 jackals
  6 kobolds
  4 quokkas
  2 frilled lizards
  3 goblins
  8 rats
90 creatures vanquished.

Vanquished Creatures (others)
  5 plants
5 creatures vanquished.

Grand Total: 95 creatures vanquished

Notes
Turn   | Place    | Note
-------+----------+-------------------------------------------
     0 | D:1      | polve the Draconian Transmuter began the quest for the Orb.
     0 | D:1      | Reached XP level 1. HP: 16/16 MP: 3/3
   170 | D:1      | Reached XP level 2. HP: 16/23 MP: 5/5
   755 | D:1      | Reached XP level 3. HP: 28/28 MP: 4/6
  1349 | D:2      | Found a burning altar of Makhleb.
  1517 | D:2      | Found an iron altar of Okawaru.
  1993 | D:3      | Reached skill level 1 in Stealth
  2020 | D:3      | Reached XP level 4. HP: 19/35 MP: 7/7
  2090 | D:3      | Found Gyaphef's Armour Emporium.
  2564 | D:3      | Found an opulent altar of Gozag.
  2569 | D:3      | Learned a level 2 spell: Blink
  2666 | D:3      | Found Ceiv's Antique Weapon Shoppe.
  2669 | D:3      | You fall into a shaft and drop 2 floors!
  2669 | D:5      | Entered Level 5 of the Dungeon
  2751 | D:5      | Reached skill level 1 in Translocations
  2751 | D:5      | Reached XP level 5. HP: 17/40 MP: 8/8
  2956 | D:5      | Noticed an ogre
  3015 | D:4      | Found Mikkaf Opias's Antique Weapon Shop.
  3453 | D:4      | Noticed Blork the orc
  3888 | D:4      | Found a shimmering blue altar of Sif Muna.
  3918 | D:4      | Noticed Edmund
  4602 | D:4      | Noticed a phantom
  4642 | D:3      | Killed a phantom
  4643 | D:3      | Reached skill level 4 in Unarmed Combat
  4643 | D:3      | Reached XP level 6. HP: 8/48 MP: 9/9
  4978 | D:4      | Killed Blork the orc
  5694 | D:4      | Found a stormy altar of Qazlal.
  5815 | D:4      | HP: 2/50 [Edmund/+2 dire flail of protection (11)]
  5816 | D:4      | Killed Edmund
  5817 | D:4      | Your scales start taking on an icy white colour.
  5817 | D:4      | Reached XP level 7. HP: 3/56 MP: 10/10
  5817 | D:4      | Gained mutation: Your flesh is cold resistant. (rC+) [White
                  | Draconian growth]
  6137 | D:5      | Noticed Grinder
  6335 | D:5      | Reached skill level 5 in Unarmed Combat
  6741 | D:5      | Noticed Ijyb
  6793 | D:5      | Killed Ijyb
  6912 | D:5      | Reached skill level 6 in Unarmed Combat
  7163 | D:5      | Paralysed by Grinder for 3 turns
  7173 | D:5      | Paralysed by Grinder for 7 turns
  7177 | D:5      | Slain by Grinder

Illustrated notes

Levels and vault maps discovered:
D:1:      minmay_arrival_wavy_path, layout_basic, serial_bayou,
          serial_bayou_shore_b, serial_bayou_ford_a, serial_bayou_pond_c,
          serial_bayou_crossing, serial_bayou_pond_d
D:2:      cheibrodos_old_hovel, layout_loops_ring, okawaru_metal_pillars_3,
          bloody_makhleb
D:3:      layout_rooms, serial_shops, shop_statue, shop_coins,
          nicolae_gozag_seed_capital
D:4:      layout_layer_cave, kennysheep_little_box, lemuel_crystal_altar,
          serial_shops, shop, serial_co_window_serial, co_window_corner_a,
          co_window_of_opportunity_a, co_window_paths_a, co_window_paths_b,
          co_window_paths_b, co_window_broadway_b, co_window_corner_ca,
          co_window_of_opportunity_b, co_window_of_opportunity_b,
          co_window_of_opportunity_b, glass_columns_c, glass_columns_b,
          glass_columns_c, glass_columns_a, uniq_edmund, uniq_blork_the_orc
D:5:      layout_loops_corners, gup_sewer_entry_bowl, uniq_grinder, uniq_ijyb

Skill      XL: |  1  2  3  4  5  6  7 |
---------------+----------------------+-----
Transmutations | 3 4 |  4.0
Stealth        | 1 3 |  3.0
Translocations | 1 2 3 |  3.0
Fighting       | 2 4 |  4.1
Unarmed Combat | 4 6 |  6.1
Dodging        | |  1.7
Spellcasting   | |  2.0

Action                   |  1- 3 |  4- 6 |  7- 9 || total
-------------------------+-------+-------+-------++-------
Melee: Unarmed           |   123 |   225 |    66 ||   414
       Kick              |    21 |    52 |     7 ||    80
       Headbutt          |    18 |    26 |     5 ||    49
       Tailslap          |    10 |    25 |     4 ||    39
       Punch             |     1 |     4 |       ||     5
 Cast: Beastly Appendage |    33 |    27 |     8 ||    68
       Blink             |       |     3 |     1 ||     4
 Abil: Breathe Frost     |       |       |    11 ||    11
  Use: Potion            |       |     7 |       ||     7
 Stab: Sleeping          |     1 |     3 |       ||     4
Armor: Skin              |    35 |    26 |    10 ||    71
Dodge: Dodged            |    82 |   160 |    34 ||   276

Table legend: (Time is in decaauts)
 A = Elapsed time spent in this place.
 B = Non-inter-level travel time spent in this place.
 C = Inter-level travel time spent in this place.
 D = Time resting spent in this place.
 E = Time spent auto-exploring this place.
 F = Levels seen in this place.
 G = Mean time per level.
                   A        B        C        D        E       F      G
               +--------+--------+--------+--------+--------+-----+--------+
         Total |   7131 |   7007 |    124 |      0 |   6037 |   5 | 1426.2 |
       Dungeon |   7131 |   7007 |    124 |      0 |   6037 |   5 | 1426.2 |
               +--------+--------+--------+--------+--------+-----+--------+

Top non-repeatable levels by time:
     D:4: 2076 daAuts
     D:3: 1733 daAuts
     D:5: 1321 daAuts
     D:1: 1232 daAuts
     D:2: 767 daAuts
